 Dungeon Crawl Stone Soup version 0.29-a0-1033-gb6c65ffae6 (webtiles) character file.

Game seed: 16440987284589176262

5941 spaghetti the Summoner (level 10, -17/63 HPs)
             Began as a Demonspawn Summoner on Aug 14, 2022.
             Was a Believer of Sif Muna.
             Demolished by an orc knight
             ... wielding a +0 glaive
              (25 damage)
             ... in a bailey.
             The game lasted 00:22:41 (9883 turns).

spaghetti the Summoner (Demonspawn Summoner)        Turns: 9883, Time: 00:22:42

Health: -17/63     AC: 15    Str: 10    XL:     10   Next: 54%
Magic:  13/20      EV: 12    Int: 20    God:    Sif Muna [**....]
Gold:   547        SH:  0    Dex: 13    Spells: 3/22 levels left

rFire   . . .      SeeInvis .   F - +0 long sword (elec) {long}
rCold   . . .      Faith    +   (no shield)
rNeg    . . .      Spirit   .   w - +0 troll leather armour {Pargi}
rPois   .          Reflect  .   (no helmet)
rElec   .          Harm     .   L - +1 cloak
rCorr   .          Rampage  .   j - +0 pair of gloves
Will    .....                   H - +0 pair of boots
Stlth   ++........              h - amulet of faith {!P}
HPRegen 1.00/turn               g - +4 ring of protection
MPRegen 0.17/turn               s - ring of wizardry

@: no status effects
A: claws 1, thin metallic scales 2, spiny 1
a: Renounce Religion, Channel Magic


You were in a bailey.
You worshipped Sif Muna.
Sif Muna was pleased with you.
You visited 2 branches of the dungeon, and saw 9 of its levels.
You also visited: Sewer, Ossuary and Bailey.

You collected 547 gold pieces.


Innate Abilities, Weirdness & Mutations

You have sharp fingernails.
You are mostly covered in thin metallic scales. (AC +3)
You are partially covered in sharp spines.


   Skills:
 + Level 2.6 Armour
 + Level 3.3 Dodging
 - Level 1.7 Stealth
 + Level 5.3 Unarmed Combat
 + Level 6.9 Spellcasting
 - Level 5.0 Conjurations
 + Level 8.3 Summonings
 - Level 3.0 Fire Magic
 + Level 4.0 Ice Magic
 - Level 5.0 Poison Magic
 - Level 2.3 Invocations


You had 3 spell levels left.
You knew the following spells:

 Your Spells              Type           Power      Damage    Failure   Level
a - Summon Small Mammal   Summ           100%       N/A       1%          1
b - Call Imp              Summ           40%        N/A       1%          2
c - Call Canine Familiar  Summ           40%        N/A       1%          3
d - Summon Guardian Gole  Hex/Summ       23%        N/A       2%          3
e - Mephitic Cloud        Conj/Pois/Air  20%        N/A       4%          3
f - Ignite Poison         Fire/Tmut/Pois 17%        N/A       5%          3
g - Summon Lightning Spi  Summ/Air       23%        N/A       9%          4

Your spell library contained the following spells:

 Spells                   Type           Power      Damage    Failure   Level
 Ensorcelled Hibernation  Hex/Ice        30%        N/A       3%          2
 Apportation              Tloc           12%        N/A       5%          1
 Necrotise                Necr           24%        1d5       5%          1
 Passwall                 Tmut/Erth      5%         N/A       8%          2
 Swiftness                Air            6%         N/A       16%         3
 Freezing Cloud           Conj/Ice/Air   9%         6-21      36%         5

Inventory:

Hand Weapons
 C - a +2 whip of venom {mace}
   (You found it on level 5 of the Dungeon)
 F - a +0 long sword of electrocution (weapon) {long}
   (You found it on level 6 of the Dungeon)
Missiles
 a - 2 javelins {throwing}
 d - 63 stones {throwing}
 e - 14 poisoned darts {throwing}
 n - 12 boomerangs of dispersal {=f!fthrowing}
 t - 3 throwing nets {=f!fthrowing}
 u - 5 datura-tipped darts {throwing}
Armour
 j - a +0 pair of gloves (worn)
   (You found it on level 4 of the Dungeon)
 w - a +0 troll leather armour (worn) {Pargi}
   (You found it in a sewer)
 H - a +0 pair of boots (worn)
   (You found it on level 6 of the Dungeon)
 L - a +1 cloak (worn)
   (You found it in an ossuary)
Jewellery
 g - a +4 ring of protection (left hand)
   (You found it on level 1 of the Dungeon)
 h - an amulet of faith (around neck) {!P}
   (You found it on level 3 of the Dungeon)
 s - a ring of wizardry (right hand)
   (You found it on level 4 of the Dungeon)
Wands
 c - a wand of mindburst (11)
   (You found it on level 8 of the Dungeon)
 q - a wand of charming (9)
   (You found it on level 6 of the Dungeon)
Scrolls
 f - 5 scrolls of teleportation {@r4}
 k - 2 scrolls of blinking {!r}
 l - a scroll of summoning
 m - 4 scrolls of poison {!r}
 r - 2 scrolls of identify {@r1}
 y - a scroll of torment {!r}
 D - a scroll of immolation {!r!r}
 E - a scroll of butterflies
Potions
 b - 4 potions of magic
 i - 6 potions of haste {@q3}
 o - 2 potions of degeneration {!q@e2}
 p - 2 potions of brilliance
 v - 2 potions of mutation {!q}
 x - 3 potions of experience
 z - 3 potions of lignification {unknown}
 A - a potion of might
 B - a potion of flight
 G - 4 potions of curing {@q1}
 I - a potion of attraction {unknown}
 J - a potion of ambrosia {unknown}
 K - a potion of heal wounds {@q2}
 M - a potion of resistance {unknown}

Dungeon Overview and Level Annotations

Branches:
Dungeon (8/15) Zot: 26448  Temple (1/1) D:6 Zot: 5833   Sewer (visited)
Ossuary (visited)          Bailey (1/1) Zot: 5697
   Lair: D:8-11

Altars:
Ashenzari
Cheibriados
Dithmenos
Fedhas
Gozag
Hepliaklqana
Kikubaaqudgha
Makhleb
Okawaru
Qazlal
Ru
Sif Muna
Trog
Uskayaw
Vehumet
Wu Jian
Xom
Yredelemnul

##### ####### #######
.....###.....#########..)))#
......'.......#.....#...))..
......'..h.#..).)...'...##..
......'..o.@))'...).'....8).
....).'..8.#..'.)...'...##).
......'.o.oยง..#.....#....)..
.....###.....#########.....#
#### ####### #######


You could see 2 orc knights, an orc warrior (strong, ally target), a friendly
lightning spire (summoned) and a friendly hound (summoned).


Message History

Your quokka bites the orc warrior but does no damage.
The orc knight is engulfed in noxious fumes.
The orc warrior hits your quokka with a +0 glaive!!
Your quokka dies!
Your quokka's corpse disappears in a puff of smoke!
Your lightning spire shoots out a bolt of lightning at the orc warrior!
The bolt of electricity hits the orc warrior!
Your crimson imp blinks!
Your quokka misses the orc warrior.
The orc warrior hits your lightning spire with a +0 glaive.
Something closely misses your crimson imp.
The orc knight chortles and stares into space.
Your lightning spire shoots out a bolt of lightning at the orc warrior!
The bolt of electricity hits the orc warrior.
The orc warrior dies!
Sif Muna accepts your kill.
The orc knight is struck by your spines.
The orc knight hits you with a +0 glaive!!
An orc knight comes into view.
It is wielding a +0 halberd. ๐Ÿ˜ฎ HP[-21]
You take 21 damage, and now have 42/63 hp.
MASSIVE DAMAGE!! (PAUSE) Unknown command.
You hit the orc knight.
The orc knight roars a battlecry!
An orc warrior comes into view. It is wielding a +0 spear. ๐Ÿ˜ฎ HP[+1]
You catch the helpless orc knight completely off-guard!
You hit the orc knight.
You punch the orc knight, but do no damage.
The orc knight is struck by your spines.
The orc knight hits you with a +0 glaive!!
* * * LOW HITPOINT WARNING * * *
Your lightning spire shoots out a bolt of lightning at the orc knight!
The bolt of electricity hits your quokka!
Your quokka dies!
Your quokka's corpse disappears in a puff of smoke!
The bolt of electricity hits the orc knight!
Your crimson imp hits the orc knight but does no damage.
The orc warrior hits your lightning spire with a +0 spear!
The orc knight hits your lightning spire with a +0 halberd!!
Your lightning spire is destroyed!
Your lightning spire disappears in a puff of smoke! ๐Ÿ˜จ HP[-16] MP[+1]
You take 16 damage, and now have 27/63 hp.
MASSIVE DAMAGE!! (PAUSE)
You barely miss the orc knight. Something hits your crimson imp!!
Your crimson imp dies!
Your crimson imp disappears in a puff of smoke! ๐Ÿ˜จ HP[+1]
Casting: Mephitic Cloud (dangerous; 4% risk of failure)
Confirm with . or Enter, or press ? or * to list all spells.
๐Ÿ˜จ HP[+1] MP[-3]
You lost 3 mp, and now have 1/20 mp.
Unknown command.
Unknown command.
You fail to use your ability. ๐Ÿ˜จ HP[+1] Unknown command.
Casting: Call Canine Familiar (safe; 1% risk of failure)
Confirm with . or Enter, or press ? or * to list all spells.
You don't have enough magic to cast this spell.
You can no longer forget spells at will.
The orc knight no longer looks unusually strong.
The orc knight hits you with a +0 glaive!!
* * * LOW HITPOINT WARNING * * *
Your wolf bites the orc knight. ๐Ÿ˜ฑ HP[-18] MP[+5]
You take 18 damage, and now have 12/63 hp.
MASSIVE DAMAGE!! (PAUSE)
You regained 5 mp, and now have 6/20 mp.
Unknown command.
Casting: Call Canine Familiar (safe; 1% risk of failure)
Confirm with . or Enter, or press ? or * to list all spells.
An electric hum fills the air.
The orc knight seems less confused.
Your wolf misses the orc knight.
The orc knight roars a battlecry!
The orc knight goes into a battle-frenzy!
Your wolf barely misses the orc knight. ๐Ÿ˜ฑ HP[+1] Unknown command.
Your wolf bites the orc knight.
The orc knight roars a battlecry!
The orc knight goes into a battle-frenzy!
The orc knight hits your wolf with a +0 glaive!!
Your wolf dies!
Your wolf's corpse disappears in a puff of smoke!
The orc knight shouts! ๐Ÿ˜ฑ HP[+1] MP[+5]
You regained 5 mp, and now have 11/20 mp.
Unknown command.
You feel less invigorated. ๐Ÿ˜ฑ HP[+1] MP[+5]
You regained 5 mp, and now have 16/20 mp.
Casting: Summon Lightning Spire (dangerous; 9% risk of failure)
Confirm with . or Enter, or press ? or * to list all spells.
The orc warrior hits you from afar with a +0 spear!
* * * LOW HITPOINT WARNING * * *
The orc knight hits you from afar with a +0 glaive!!
You die...

Skill      XL: |  1  2  3  4  5  6  7  8  9 10 |
---------------+-------------------------------+-----
Poison Magic   | 1 3 4 5 |  5.0
Spellcasting   | 3 4 5 6 |  6.9
Conjurations   | 2 3 4 5 |  5.0
Summonings     | 5 6 7 8 |  8.3
Unarmed Combat | 1 3 4 5 |  5.3
Fire Magic     | 1 3 |  3.0
Ice Magic      | 1 3 4 |  4.0
Invocations    | 2 |  2.3
Armour         | 1 2 |  2.6
Dodging        | 2 3 |  3.3
Stealth        | |  1.7

Action                   |  1- 3 |  4- 6 |  7- 9 | 10-12 || total
-------------------------+-------+-------+-------+-------++-------
Melee: Dagger            |    93 |   103 |   147 |       ||   343
       Unarmed           |    12 |       |       |       ||    12
       Punch             |       |     1 |     5 |     1 ||     7
       Long sword        |       |       |    58 |    60 ||   118
       Whip              |       |       |    36 |       ||    36
 Cast: Summon Small Mamm |    19 |    13 |    37 |    11 ||    80
       Call Imp          |     3 |     8 |    20 |     8 ||    39
       Call Canine Famil |     3 |     7 |    21 |    10 ||    41
       Summon Guardian G |       |     1 |     6 |     8 ||    15
       Mephitic Cloud    |       |       |     7 |     3 ||    10
       Ignite Poison     |       |       |     3 |       ||     3
       Summon Lightning  |       |       |     3 |     5 ||     8
Invok: Channel Magic     |       |       |       |     3 ||     3
  Use: Scroll            |       |     7 |     4 |     2 ||    13
       Potion            |       |     5 |     4 |       ||     9
 Stab: Sleeping          |     4 |       |     3 |       ||     7
       Distracted        |     1 |     1 |     3 |       ||     5
       Confused          |       |       |     1 |     1 ||     2
Armor: Robe              |    19 |    53 |       |       ||    72
       Troll leather arm |       |       |   138 |    66 ||   204
Dodge: Dodged            |    85 |    86 |   163 |    87 ||   421

Levels and vault maps discovered:
D:1:      ncdulo_smallfort, layout_basic, minmay_misc_feat_plants, st_stairs_12,
          chequers_serial_rivers_room_b, minmay_tripent
D:2:      layout_basic, basic_altar, minmay_misc_feat_enclosed,
          serial_bayou_lake_a
D:3:      layout_basic, lemuel_round_altar, uniq_grinder, uniq_robin
D:4:      layout_cave_pools, mainiacjoe_overflow_six_doors_small,
          lightli_sewer_entry_pipes
D:5:      layout_loops_corners, uniq_eustachio, uniq_sigmund, uniq_edmund
D:6:      layout_rooms, nzn_wu_jian_contemplation,
          minmay_temple_entry_gardened_gates
D:7:      layout_basic, nicolae_overflow_crystal_walls, lemuel_tele_altar,
          enter_ossuary_4, uniq_menkaure, uniq_duvessa
D:8:      layout_basic, lemuel_doored_altar, enter_bailey_4, grunt_ministairs_4
Temple:   minmay_temple_bridge_d
Bailey:   bailey_polearm_5, bailey

Notes
Turn   | Place    | Note
-------+----------+-------------------------------------------
     0 | D:1      | spaghetti the Demonspawn Summoner began the quest for the
                  | Orb.
     0 | D:1      | Reached XP level 1. HP: 13/13 MP: 3/3
     0 | D:1      | magus.rc [v1.9.6]
   466 | D:1      | Gained mutation: You are partially covered in sharp spines.
                  | [demonic ancestry]
   466 | D:1      | Reached XP level 2. HP: 8/19 MP: 1/5
   467 | D:1      | HP: 4/19 [kobold/+0 short sword (4)]
  1107 | D:1      | Gained mutation: You are partially covered in thin metallic
                  | scales. (AC +2) [demonic ancestry]
  1107 | D:1      | Reached XP level 3. HP: 21/24 MP: 5/7
  1110 | D:1      | Learned a level 2 spell: Call Imp
  1114 | D:1      | Learned a level 3 spell: Call Canine Familiar
  1749 | D:1      | You pick up a book of Burglary and begin reading...
  1749 | D:1      | You add the spells Passwall, Ensorcelled Hibernation and
                  | Swiftness to your library.
  1907 | D:2      | You add the spells Ignite Poison, Mephitic Cloud and
                  | Freezing Cloud to your library.
  2791 | D:2      | Reached skill level 1 in Poison Magic
  2888 | D:3      | Noticed Robin
  2889 | D:3      | Found a burning altar of Makhleb.
  2898 | D:3      | Reached skill level 3 in Spellcasting
  2898 | D:3      | Reached XP level 4. HP: 21/30 MP: 4/8
  2937 | D:3      | Killed Robin
  3190 | D:3      | Reached skill level 1 in Conjurations
  3563 | D:3      | Noticed Grinder
  3607 | D:3      | HP: 4/30 [Grinder (4)]
  3608 | D:3      | Paralysed by Grinder for 3 turns
  3630 | D:3      | Killed Grinder
  3631 | D:3      | Reached skill level 2 in Conjurations
  3631 | D:3      | Reached skill level 5 in Summonings
  3631 | D:3      | Reached skill level 3 in Poison Magic
  3631 | D:3      | Reached XP level 5. HP: 15/35 MP: 2/10
  3631 | D:3      | Reached XP level 6. HP: 18/41 MP: 2/11
  4362 | D:4      | Found a hazy altar of Hepliaklqana.
  4405 | D:4      | Learned a level 3 spell: Summon Guardian Golem
  4409 | D:4      | Learned a level 3 spell: Mephitic Cloud
  4741 | D:4      | Found a glowing drain.
  4758 | Sewer    | Entered a sewer
  4864 | Sewer    | Noticed Pargi
  4889 | Sewer    | Killed Pargi
  4890 | Sewer    | Reached skill level 4 in Spellcasting
  4890 | Sewer    | Reached skill level 4 in Poison Magic
  4890 | Sewer    | Gained mutation: You have sharp fingernails. [demonic
                  | ancestry]
  4890 | Sewer    | Reached XP level 7. HP: 33/46 MP: 1/13
  5336 | D:5      | Entered Level 5 of the Dungeon
  5342 | D:5      | Noticed Edmund
  5366 | D:5      | Killed Edmund
  5367 | D:5      | Reached skill level 3 in Conjurations
  5448 | D:5      | Reached skill level 1 in Unarmed Combat
  5631 | D:5      | Reached skill level 5 in Poison Magic
  5697 | D:5      | Reached skill level 6 in Summonings
  5697 | D:5      | Reached XP level 8. HP: 51/52 MP: 6/14
  5792 | D:5      | Learned a level 3 spell: Ignite Poison
  5860 | D:5      | Noticed Sigmund
  5872 | D:5      | Killed Sigmund
  5873 | D:5      | Reached skill level 2 in Unarmed Combat
  5960 | D:5      | Noticed Eustachio
  5981 | D:5      | HP: 6/52 [white imp/puff of frost[Eustachio] (9)]
  5991 | D:5      | Killed Eustachio
  5992 | D:5      | Reached skill level 4 in Conjurations
  6135 | D:5      | Reached skill level 5 in Spellcasting
  6387 | D:5      | Reached skill level 3 in Unarmed Combat
  6972 | D:6      | Found a staircase to the Ecumenical Temple.
  6978 | Temple   | Entered the Ecumenical Temple
  7073 | Temple   | Became a worshipper of Sif Muna the Loreminder
  7202 | D:6      | Reached skill level 1 in Fire Magic
  7202 | D:6      | Reached skill level 1 in Ice Magic
  7210 | D:6      | Reached XP level 9. HP: 20/57 MP: 5/17
  7317 | D:6      | Reached skill level 5 in Conjurations
  7459 | D:6      | Reached skill level 7 in Summonings
  7580 | D:6      | Found an ornate altar of the Wu Jian Council.
  7945 | D:7      | Reached skill level 2 in Fire Magic
  7982 | D:7      | Reached skill level 2 in Ice Magic
  7987 | D:7      | Learned a level 4 spell: Summon Lightning Spire
  8069 | D:7      | Found a sand-covered staircase.
  8078 | Ossuary  | Entered an ossuary
  8084 | Ossuary  | Reached * piety under Sif Muna
  8093 | Ossuary  | Reached skill level 4 in Unarmed Combat
  8478 | D:7      | Reached skill level 1 in Invocations
  8492 | D:7      | Noticed Dowan
  8493 | D:7      | Noticed Duvessa
  8499 | D:7      | Reached skill level 6 in Spellcasting
  8509 | D:7      | Killed Duvessa
  8509 | D:7      | Killed Dowan
  8509 | D:7      | Reached ** piety under Sif Muna
  8575 | D:7      | Noticed Menkaure
  8581 | D:7      | Killed Menkaure
  8582 | D:7      | Reached skill level 2 in Invocations
  8787 | D:7      | Found a radiant altar of Vehumet.
  8928 | D:7      | You pick up a book of Cantrips and begin reading...
  8928 | D:7      | You add the spells Necrotise and Apportation to your
                  | library.
  8965 | D:7      | Found an iron altar of Okawaru.
  9066 | D:8      | Noticed a two-headed ogre
  9070 | D:8      | HP: 6/57 [two-headed ogre/+0 giant club (9)]
  9076 | D:8      | Killed a two-headed ogre
  9077 | D:8      | Reached skill level 1 in Armour
  9077 | D:8      | Reached skill level 2 in Dodging
  9077 | D:8      | Reached skill level 3 in Fire Magic
  9077 | D:8      | Reached skill level 3 in Ice Magic
  9077 | D:8      | Gained mutation: You are mostly covered in thin metallic
                  | scales. (AC +3) [demonic ancestry]
  9077 | D:8      | Reached XP level 10. HP: 14/63 MP: 6/19
  9510 | D:8      | Reached skill level 8 in Summonings
  9579 | D:8      | Found a flagged portal.
  9590 | Bailey   | Entered a bailey
  9683 | Bailey   | Reached skill level 5 in Unarmed Combat
  9741 | Bailey   | Noticed an orc knight
  9742 | Bailey   | Noticed an orc knight
  9747 | Bailey   | HP: 11/63 [orc warrior/+0 halberd (18)]
  9750 | Bailey   | Reached *** piety under Sif Muna
  9763 | Bailey   | Killed an orc knight
  9764 | Bailey   | Reached skill level 2 in Armour
  9764 | Bailey   | Reached skill level 3 in Dodging
  9778 | Bailey   | Killed an orc knight
  9792 | Bailey   | Reached skill level 4 in Ice Magic
  9859 | Bailey   | Noticed an orc knight
  9873 | Bailey   | Noticed an orc knight
  9879 | Bailey   | HP: 12/63 [orc knight/+0 glaive (19)]
  9883 | Bailey   | Demolished by an orc knight

Vanquished Creatures
  Grinder (D:3)
  Sigmund (D:5)
  Eustachio (D:5)
  Menkaure (D:7)
  Edmund (D:5)
  An acid dragon (D:8)
  Duvessa (D:7)
  A water moccasin (D:6)
  Pargi (Sewer)
  An orc warrior (D:8)
  A sky beast (D:7)
  A black bear (D:8)
  2 ogres
  An ice beast (D:5)
  A bullfrog (D:7)
  A necrophage (D:7)
  A gnoll sergeant (D:7)
  2 scorpions
  2 wights (D:8)
  3 hounds
  4 orc priests
  A jelly (D:7)
  3 iguanas
  3 orc wizards
  A hound zombie (Ossuary)
  4 mummies (Ossuary)
  4 gnolls
  9 adders
  3 river rats (D:4)
  2 shadow imps
  A white imp (D:6)
  An ufetubus (D:6)
  An adder zombie (Ossuary)
  A worm (D:4)
  2 dart slugs
  25 orcs
  10 ball pythons
  4 endoplasms
  2 giant cockroaches (D:1)
  7 goblins
  9 hobgoblins
  7 kobolds
  5 quokkas
  3 bats
  5 frilled lizards
  2 hobgoblin zombies (Ossuary)
  A jackal zombie (Ossuary)
  A quokka zombie (D:7)
  10 rats
  2 rat zombies
158 creatures vanquished.

Vanquished Creatures (collateral kills)
  A two-headed ogre (D:8)
  An orc knight (Bailey)
  A water moccasin (D:6)
  4 orc warriors (Bailey)
  A centaur (D:7)
  A phantom (D:5)
  2 elf zombies (Ossuary)
  2 scorpions (D:5)
  A wight (D:8)
  Dowan (D:7)
  A human zombie (Ossuary)
  2 orc priests
  2 orc wizards
  Robin (D:3)
  9 gnolls
  An adder (D:3)
  2 worms
  2 dart slugs
  13 orcs
  A bat (D:1)
  8 goblins
  2 hobgoblins
  A frilled lizard (D:1)
  A goblin zombie (Ossuary)
  A hobgoblin zombie (Ossuary)
  A jackal zombie (Ossuary)
  A kobold (D:2)
64 creatures vanquished.

Vanquished Creatures (others)
  An orc knight (Bailey)
  2 orc warriors
  A gnoll sergeant (D:7)
  A gnoll bouda (D:5)
  4 gnolls
  An adder (D:5)
  4 orcs
  7 plants (D:2)
21 creatures vanquished.

Grand Total: 243 creatures vanquished

Table legend:
 A = Non-vault XP
 B = Vault XP
 C = Vault XP percentage of total XP
 D = Non-vault monster count
 E = Vault monster count
 F = Vault count percentage of total count
                 A         B        C        D         E       F
            +---------+---------+-------+---------+---------+-------
      Total |    4342 |    4146 |  48.8 |     145 |      91 |  38.6
            +---------+---------+-------+---------+---------+-------
        D:1 |      46 |       5 |   9.8 |      28 |       3 |   9.7
        D:2 |      43 |       0 |   0.0 |      16 |       0 |   0.0
        D:3 |      36 |     314 |  89.7 |       7 |      12 |  63.2
        D:4 |     143 |      82 |  36.4 |      14 |      12 |  46.2
        D:5 |    1012 |     612 |  37.7 |      30 |       3 |   9.1
        D:6 |     563 |       0 |   0.0 |      12 |       0 |   0.0
        D:7 |    1069 |     380 |  26.2 |      25 |       5 |  16.7
        D:8 |    1430 |     301 |  17.4 |      13 |       7 |  35.0
      Sewer |       0 |     157 | 100.0 |       0 |       6 | 100.0
    Ossuary |       0 |     331 | 100.0 |       0 |      16 | 100.0
     Bailey |       0 |    1964 | 100.0 |       0 |      27 | 100.0
            +---------+---------+-------+---------+---------+-------

Illustrated notes

Table legend:
 A = Kills in this place as a percentage of kills in entire the game.
 B = Kills by you in this place as a percentage of kills by you in the entire game.
 C = Kills by friends in this place as a percentage of kills by friends in the entire game.
 D = Other kills in this place as a percentage of other kills in the entire game.
 E = Experience gained in this place as a percentage of experience gained in the entire game.
 F = Experience gained in this place divided by the number of levels of this place that you have seen.
                   A       B       C       D       E      F
               +-------+-------+-------+-------+-------+----------------------
         Total | 100.0 | 100.0 | 100.0 | 100.0 | 100.0 | 707.3
       Dungeon |  79.2 |  85.3 |  67.2 |  68.8 |  71.1 | 754.5
         Sewer |   2.5 |   3.8 |   0.0 |   0.0 |   1.8 | 157.0
       Ossuary |   6.8 |   6.4 |   9.4 |   0.0 |   3.9 | 331.0
        Bailey |  11.4 |   4.5 |  23.4 |  31.2 |  23.1 | 1964.0
               +-------+-------+-------+-------+-------+----------------------

Table legend: (Time is in decaauts)
 A = Elapsed time spent in this place.
 B = Non-inter-level travel time spent in this place.
 C = Inter-level travel time spent in this place.
 D = Time resting spent in this place.
 E = Time spent auto-exploring this place.
 F = Levels seen in this place.
 G = Mean time per level.
                   A        B        C        D        E       F      G
               +--------+--------+--------+--------+--------+-----+--------+
         Total |  10010 |   9716 |    294 |    146 |   7770 |  12 |  834.2 |
       Dungeon |   8841 |   8632 |    209 |    144 |   7034 |   8 | 1105.1 |
        Temple |    166 |     81 |     85 |      0 |     61 |   1 |  166.0 |
         Sewer |    375 |    375 |      0 |      0 |    288 |   1 |  375.0 |
       Ossuary |    325 |    325 |      0 |      0 |    224 |   1 |  325.0 |
        Bailey |    301 |    301 |      0 |      2 |    163 |   1 |  301.0 |
               +--------+--------+--------+--------+--------+-----+--------+

Top non-repeatable levels by time:
     D:1: 1830 daAuts
     D:5: 1505 daAuts
     D:3: 1301 daAuts
     D:7: 1096 daAuts
     D:2: 1037 daAuts
     D:4: 884 daAuts
     D:6: 706 daAuts
     D:8: 477 daAuts
   Sewer: 375 daAuts
 Ossuary: 325 daAuts
  Bailey: 301 daAuts
  Temple: 166 daAuts
